Map: Frozen Temple

Players

Duff

  • Race: Protoss Protoss
  • League: Diamond

DugeHick - Winner!

  • Race: Terran Terran
  • League: Platinum

VOD

Have the link to the VOD?

Description

Time

  • Played on: July 7, 2016, 12:58 a.m.
  • Length: 17:10
Show
View Real Time Build Order
Export as new Build Order

Duff Protoss 

Build Orders:  

Get SALT Encoding   

  12  0:00  Probe (Chrono Boost)  
  13  0:11  Probe (Chrono Boost)  
  14  0:18  Pylon  
  14  0:22  Probe (Chrono Boost)  
  15  0:36  Probe (Chrono Boost)  
  15  0:38  Gateway  
  16  0:47  Probe (Chrono Boost)  
  16  0:49  Assimilator  
  17  0:56  Assimilator  
  17  0:57  Probe (Chrono Boost)  
  18  1:08  Probe (Chrono Boost)  
  19  1:14  Pylon  
  20  1:18  Probe (Chrono Boost)  
  20  1:25  Cybernetics Core  
  20  1:29  Probe (Chrono Boost)  
  21  1:39  Probe (Chrono Boost)  
  22  2:01  Nexus  
  22  2:02  Probe (Chrono Boost)  
  23  2:09  Stalker  
  25  2:17  Warp Gate  
  25  2:19  Probe (Chrono Boost)  
  26  2:28  Robotics Facility  
  26  2:31  Probe (Chrono Boost)  
  27  2:42  Mothership Core (Chrono Boost)  
  29  2:45  Adept  
  29  2:51  Pylon  
  31  3:09  Probe (Chrono Boost)  
  32  3:16  Observer  
  32  3:18  Pylon  
  32  3:19  Probe (Chrono Boost)  
  34  3:25  Gateway  
  34  3:29  Forge  
  34  3:30  Probe (Chrono Boost)  
  34  3:32  Probe (Chrono Boost)  
  36  3:40  Probe (Chrono Boost)  
  37  3:43  Probe (Chrono Boost)  
  38  3:48  Immortal  
  38  3:51  Probe (Chrono Boost)  
  43  4:03  Pylon  
  43  4:06  Gateway  
  43  4:11  Protoss Ground Weapons Level 1 (Chrono Boost)  
  43  4:14  Assimilator  
  43  4:18  Photon Cannon  
  43  4:25  Pylon  
  43  4:29  Stalker  
  43  4:30  Probe (Chrono Boost)  
  46  4:42  Photon Cannon, Probe x2 (Chrono Boost)  
  48  4:53  Immortal  
  48  4:55  Probe x2 (Chrono Boost)  
  54  5:00  Sentry  
  54  5:04  Stalker  
  58  5:11  Gateway  
  58  5:17  Probe  
  58  5:18  Pylon  
  59  5:23  Probe  
  59  5:26  Stalker  
  56  5:29  Probe  
  56  5:34  Stalker  
  53  5:35  Probe  
  54  5:46  Probe  
  54  5:47  Probe  
  56  5:52  Stalker  
  58  6:04  Probe  
  58  6:05  Probe  
  58  6:07  Stalker  
  62  6:15  Warp Prism  
  64  6:25  Protoss Ground Armor Level 1 (Chrono Boost)  
  64  6:31  Stalker  
  66  6:34  Stalker  
  68  6:50  Stalker x2  
  68  6:51  Observer  
  73  7:02  Twilight Council  
  73  7:12  Observer  
  74  7:21  Adept x2  
  74  7:22  Adept x2  
  80  7:42  Adept  
  80  7:43  Adept x3  
  82  8:04  Probe  
  83  8:05  Probe  
  84  8:14  Probe  
  84  8:17  Probe  
  86  8:20  Photon Cannon  
  86  8:27  Pylon  
  86  8:31  Nexus  
  86  8:40  Pylon  
  86  8:43  Probe  
  86  8:45  Probe  
  88  8:57  Protoss Ground Armor Level 2 (Chrono Boost)  
  88  9:04  Stalker x3  
  94  9:14  Blink (Chrono Boost)  
  94  9:29  Probe x2  
  96  9:34  Assimilator  
  96  9:41  Probe  
  96  9:43  Zealot x2  
  101  9:48  Pylon  
  101  9:49  Pylon  
  101  9:50  Pylon, Photon Cannon  
  101  9:53  Zealot  
  104  10:00  Probe x2  
  105  10:10  Stalker  
  105  10:11  Stalker x2  
  111  10:14  Gateway  
  111  10:35  Adept x2  
  111  10:50  Adept x2  
  111  10:58  Adept x2  
  111  10:59  Probe  
  111  11:00  Probe  
  115  11:09  Probe  
  116  11:12  Probe x2  
  116  11:14  Assimilator  
  116  11:15  Assimilator  
  118  11:28  Templar Archives  
  118  11:30  Gateway  
  118  11:31  Zealot x3  
  124  11:32  Gateway  
  124  11:33  Probe  
  124  11:34  Probe x2  
  124  11:35  Gateway  
  127  11:40  Zealot  
  127  11:45  Charge (Chrono Boost)  
  129  11:51  Photon Cannon, Immortal  
  131  12:00  Protoss Ground Armor Level 3  
  131  12:01  Adept x3  
  133  12:07  High Templar  
  139  12:12  Psionic Storm  
  139  12:30  Probe  
  139  12:31  Probe  
  139  12:35  Pylon  
  141  12:39  Pylon  
  141  12:40  Pylon  
  141  12:43  Pylon  
  141  12:45  Pylon  
  141  12:57  Probe x2  
  143  13:01  Pylon, Stalker  
  143  13:03  High Templar  
  143  13:05  High Templar  
  149  13:06  High Templar  
  149  13:08  High Templar  
  149  13:10  High Templar  
  149  13:12  Resonating Glaives (Chrono Boost), High Templar x2  
  159  13:18  Archon  
  159  13:24  Immortal  
  159  13:26  High Templar  
  165  13:28  Pylon  
  165  13:36  Gateway  
  165  13:39  Gateway  
  165  13:45  Gateway  
  165  13:50  Zealot x2  
  165  13:51  Zealot  
  171  14:09  Immortal  
  175  14:25  Pylon  
  133  14:37  Stalker x3  
  133  14:38  Stalker x4  
  92  14:49  Zealot  
  56  15:01  Stalker x3  
  56  15:02  Stalker x3  
  64  15:08  Stalker  
  64  15:10  Zealot  
  60  15:25  Zealot x4  
  60  15:27  High Templar  
  60  15:28  High Templar  
  62  15:32  Archon  
  62  15:33  Zealot  
  62  15:40  High Templar  
  58  15:48  Zealot x3  
  58  15:52  Zealot  
  60  15:58  Zealot  
  48  16:13  Zealot  
  48  16:14  Zealot x2  
  54  16:19  High Templar  
  54  16:21  High Templar  
  54  16:25  Archon  
  58  16:31  Stalker  
  60  16:38  Stalker  
  62  16:49  Stalker  
Show
View Real Time Build Order
Export as new Build Order

DugeHick Terran - Winner!

Build Orders: Reaper Expand, MMM Bio 

Get SALT Encoding   

  12  0:01  SCV  
  13  0:13  SCV  
  14  0:18  Supply Depot  
  14  0:25  SCV  
  15  0:40  SCV  
  15  0:41  Barracks  
  16  0:47  Refinery  
  16  0:52  SCV  
  17  1:07  SCV  
  18  1:19  SCV  
  19  1:30  Reaper  
  19  1:32  Orbital Command  
  20  1:54  Command Center  
  19  2:01  Supply Depot  
  19  2:20  SCV  
  20  2:22  Barracks Reactor  
  20  2:25  Ghost Academy  
  20  2:30  Factory  
  20  2:42  SCV  
  21  2:59  Marine x2  
  23  3:14  Starport  
  23  3:21  SCV  
  23  3:26  Widow Mine  
  24  3:27  Marine, Hellion  
  24  3:32  Barracks  
  29  3:34  Orbital Command  
  30  3:41  SCV  
  30  3:45  Marine  
  30  3:47  Supply Depot  
  31  3:49  Bunker, Hellion  
  31  3:51  Refinery  
  31  3:53  Medivac  
  35  3:56  SCV, Hellion  
  38  4:03  Marine  
  38  4:05  SCV  
  40  4:10  Hellion  
  40  4:12  SCV  
  40  4:16  Supply Depot  
  43  4:19  Hellion  
  43  4:21  Barracks Tech Lab  
  43  4:23  SCV  
  45  4:49  Starport Reactor  
  45  4:50  Stimpack, Barracks Reactor  
  45  4:55  Barracks Tech Lab  
  45  4:56  SCV x2  
  47  5:00  Supply Depot  
  47  5:01  Barracks  
  47  5:03  Marauder  
  42  5:33  Marine x2  
  42  5:34  Medivac x2  
  42  5:48  SCV x2  
  42  5:49  Marine, Liberator  
  44  5:50  Marine, Supply Depot  
  44  5:57  Engineering Bay  
  46  6:03  Factory Reactor  
  46  6:06  SCV  
  46  6:07  Marine x4, SCV  
  55  6:13  Supply Depot  
  55  6:18  Refinery  
  55  6:19  SCV x2  
  55  6:23  Combat Shields  
  55  6:25  Marine x4  
  59  6:31  Refinery, SCV x2  
  63  6:39  Missile Turret  
  63  6:46  Liberator  
  63  6:47  Marine x2, Marauder x2  
  69  7:07  Concussive Shells  
  72  7:11  Supply Depot  
  72  7:12  Terran Infantry Weapons Level 1  
  72  7:18  Command Center, Widow Mine x2  
  72  7:21  SCV  
  72  7:22  Barracks, SCV, Marine x3  
  78  7:23  Barracks  
  43  7:53  Marine x2  
  43  7:54  Medivac, Marauder x2, Widow Mine x2  
  48  8:14  Bunker  
  48  8:19  Missile Turret  
  48  8:20  Marine x2  
  48  8:21  Marauder  
  48  8:23  Orbital Command  
  52  8:27  Bunker  
  52  8:38  Marauder, Widow Mine x2  
  58  8:52  SCV  
  58  9:09  Marine x4  
  62  9:24  Widow Mine x2  
  62  9:25  Marauder x2  
  70  9:31  Orbital Command  
  70  9:46  Barracks Tech Lab  
  70  9:48  Marine x2, Marauder x2  
  70  9:52  SCV x2  
  78  10:14  Starport  
  78  10:15  Marine x2, Barracks Tech Lab  
  78  10:16  Marauder x2  
  78  10:20  Supply Depot  
  84  10:22  Marauder  
  84  10:23  Supply Depot  
  84  10:26  SCV x2  
  88  10:35  Medivac x2  
  86  10:55  Liberator x2  
  82  11:10  Supply Depot  
  82  11:12  Medivac x2  
  82  11:13  Marine x2  
  82  11:14  Marauder  
  82  11:15  Reaper  
  97  11:28  Orbital Command  
  97  11:47  Fusion Core  
  97  11:53  Marine  
  97  11:54  Marine, Marauder x2  
  99  11:55  Marauder x2  
  107  12:04  Missile Turret  
  107  12:06  Supply Depot  
  107  12:08  SCV  
  107  12:09  SCV x2  
  107  12:14  Missile Turret  
  109  12:21  Liberator x2  
  109  12:27  Terran Infantry Armor Level 1  
  109  12:29  Armory  
  109  12:36  Advanced Ballistics  
  115  12:44  Refinery  
  115  12:48  Marine  
  115  12:49  Marine x3  
  115  12:50  Refinery, Marauder x3  
  125  12:53  Liberator  
  125  13:08  Supply Depot  
  125  13:10  Supply Depot, SCV x3  
  125  13:11  Marauder  
  133  13:22  Engineering Bay  
  133  13:29  Marine x5  
  133  13:31  Supply Depot  
  133  13:32  Supply Depot  
  138  13:49  Liberator  
  138  13:50  Liberator  
  138  14:04  Marine x2  
  138  14:05  Marine x3  
  138  14:06  Marauder x2  
  138  14:07  Medivac  
  155  14:23  Marauder  
  123  14:38  Marine  
  123  14:39  Marine x4  
  123  14:40  Marauder  
  123  14:45  Marauder  
  100  15:11  Liberator  
  100  15:13  Marine x2  
  100  15:14  Marine x3  
  103  15:15  Marauder x2  
  101  15:30  Medivac  
  101  15:33  Marauder  
  106  15:44  Marine x4  
  110  15:56  Marauder, SCV  
  106  16:19  Marine x5  
  106  16:21  Medivac  
Tags
 
Add a new tag
Caveats
  • Supply blocks, unpowered buildings, or Contaminate may cause inaccurate times.
  • Supply counts are checked every 10 seconds.